 Dungeon Crawl Stone Soup version 0.29.1 (webtiles) character file.

Game seed: 6188777793913020044

6807 wakxed the Slicer (level 10, -1/78 (80) HPs)
             Began as a Demonspawn Brigand on Sept 13, 2022.
             Was an Initiate of Yredelemnul.
             Slain by a wight
             ... wielding a +0 dire flail
              (4 damage)
             ... on level 9 of the Dungeon.
             The game lasted 00:48:54 (11142 turns).

wakxed the Slicer (Demonspawn Brigand)             Turns: 11142, Time: 00:48:54

HP:   -1/78 (80)    AC:  9    Str: 14    XL:     10   Next: 77%
MP:   12/12         EV: 17    Int: 14    God:    Yredelemnul [......]
Gold: 339           SH:  4    Dex: 13    Spells: 9/9 levels left

rFire   + . .      SeeInvis .   J - +4 falchion (freeze)
rCold   + . .      Faith    .   (no shield)
rNeg    . . .      Spirit   .   Q - +0 robe {Archmagi}
rPois   .          Reflect  .   (helmet restricted)
rElec   .          Harm     .   s - +1 cloak
rCorr   .          Rampage  .   (gloves unavailable)
Will    .....      Archmagi +   F - +2 pair of boots
Stlth   +++....... Rnd*Tele +   (no amulet)
HPRegen 0.23/turn               w - +4 ring of evasion
MPRegen 0.13/turn               D - ring of protection from fire

@: lightly drained
A: claws 3, thin metallic scales 1, condensation shield, demonic magic 2, horns
1, clumsy 1, cold resistance 1, teleportitis 1
a: Renounce Religion, Recall Undead Harvest


You were on level 9 of the Dungeon.
You worshipped Yredelemnul.
Yredelemnul was noncommittal.
You visited 2 branches of the dungeon, and saw 10 of its levels.
You also visited: Ossuary.

You collected 618 gold pieces.
You spent 279 gold pieces at shops.

Inventory:

Hand Weapons
 a - a +2 dagger
 k - the +6 rapier "Cookie Cutter" {protect, *Noise +Blink Will- Str+9}
   (You found it on level 8 of the Dungeon)

   It grants its wielder temporary protection when it strikes (+7 to AC).
   Str:       It affects your strength (+9).
   +Blink:    It lets you blink.
   *Noise:    It may make noises in combat.
   Will:      It decreases your willpower.
 I - a +1 dagger of freezing
 J - a +4 falchion of freezing (weapon)
 K - a +3 short sword of venom
 M - a +1 mace of protection
 R - a +3 flail
Missiles
 d - 24 poisoned darts
 e - 10 curare-tipped darts
 j - 5 javelins (quivered)
 N - 6 boomerangs
Armour
 n - the +6 scale mail "Hipuab" {*Slow Fly Regen+ Dex-4}
   (You found it on level 2 of the Dungeon)

   Dex:       It affects your dexterity (-4).
   Fly:       It grants you flight.
   Regen:     It increases your rate of health regeneration.
   *Slow:     It may slow you when you take damage.
 s - a +1 cloak (worn)
 x - the +7 ring mail "Gesiw" {Harm Will+ Int+8 Dex-2}
   (You found it on level 3 of the Dungeon)

   Int:       It affects your intelligence (+8).
   Dex:       It affects your dexterity (-2).
   Harm:      It increases damage dealt and taken.
   Will:      It increases your willpower.
 F - a +2 pair of boots (worn)
 Q - a +0 robe of the Archmagi (worn)
Jewellery
 f - a +4 ring of protection
 u - a ring of fire
 w - a +4 ring of evasion (left claw)
 D - a ring of protection from fire (right claw)
Wands
 v - a wand of flame (7)
 L - a wand of mindburst (16)
Scrolls
 c - a scroll of vulnerability
 i - a scroll of magic mapping
 m - a scroll of silence
 q - a scroll of poison
 r - 2 scrolls of enchant weapon
 y - 2 scrolls of identify
 A - 2 scrolls of amnesia
 E - a scroll of fear {unknown}
 H - a scroll of fog {unknown}
 O - a scroll of immolation {unknown}
Potions
 b - 4 potions of magic
 g - 5 potions of curing
 l - 2 potions of attraction
 o - 3 potions of might
 p - 5 potions of brilliance
 C - a potion of haste
 G - a potion of cancellation


   Skills:
 + Level 7.8 Fighting
 * Level 8.9 Short Blades
 - Level 1.7 Throwing
 - Level 5.0 Dodging
 - Level 5.0 Stealth
 * Level 8.0 Unarmed Combat
 - Level 3.7 Invocations


You had 9 spell levels left.
You didn't know any spells.
Your spell library contained the following spells:

 Spells                   Type           Power      Damage    Failure   Level
 Apportation              Tloc           0%         N/A       28%         1
 Static Discharge         Conj/Air       0%         3-3/arc   41%         2
 Conjure Flame            Conj/Fire      0%         6-21      65%         3
 Ignite Poison            Fire/Tmut/Pois 0%         N/A       65%         3
 Portal Projectile        Hex/Tloc       0%         N/A       65%         3
 Tukima's Dance           Hex            0%         N/A       65%         3
 Dispel Undead            Necr           0%         3d6       96%         4
 Leda's Liquefaction      Hex/Erth       0%         N/A       96%         4
 Sticky Flame             Conj/Fire      0%         2d3       96%         4
 Alistair's Intoxication  Tmut/Pois      0%         N/A       100%        5
 Blade Hands              Tmut           0%         N/A       100%        5
 Lee's Rapid Deconstruct  Erth           0%         3d5*      100%        5
 Statue Form              Tmut/Erth      0%         N/A       100%        6


Dungeon Overview and Level Annotations

Branches:
Dungeon (9/15)             Temple (1/1) D:5            Lair (0/5) D:8
Ossuary (visited)
    Orc: D:9-12

Altars:
Cheibriados
Gozag
Sif Muna
Trog
Uskayaw
Wu Jian
Yredelemnul

Shops:
D:5 *


Innate Abilities, Weirdness & Mutations

You have claws for hands.
You are partially covered in thin metallic scales. (AC +2)
A meltable shield of frost defends you. (SH +4)
Spells you cast may paralyse nearby enemies.
You have a pair of small horns on your head.
You are clumsy. (Dex -2)
Your flesh is cold resistant. (rC+)
You are occasionally teleported next to monsters.


Message History

The gargoyle hurls a stone arrow at you.
The stone arrow hits you!
* * * LOW HITPOINT WARNING * * *
The gargoyle hurls a stone arrow at you.
The stone arrow hits you!
* * * LOW HITPOINT WARNING * * *
As you read the scroll of teleportation, it crumbles to dust.
You feel strangely unstable.
Your surroundings suddenly seem different. 2 wights come into view.
A wight is wielding a +3 great sword of freezing and wearing a +0 robe of willpower.
A wight comes into view. It is wielding a +1 great sword.
A wight comes into view. It is wielding a +4 dagger of freezing.
A wight comes into view. It is wielding a +3 morningstar.
The wight attacks as you move away! The wight misses you.
The wight attacks as you move away! The wight misses you.
The wight attacks as you move away! The wight barely misses you.
Okay, then.
You are confused.
You feel invigorated.
You're too confused to move!
The wight closely misses you.
The wight hits you with a +4 dagger of freezing!
* * * LOW HITPOINT WARNING * * *
The wight freezes you.
* * * LOW HITPOINT WARNING * * *
You hit the wight.
The wight is lightly damaged.
You feel less invigorated.
You feel less confused. The wight barely misses you. The wight misses you.
The wight attacks as you move away! The wight closely misses you.
You hit the wight but do no damage.
You headbutt the wight, but do no damage.
The wight hits you but does no damage.
You barely miss the wight. Your headbutt misses the wight.
The wight hits you with a +0 dire flail!
* * * LOW HITPOINT WARNING * * *
You feel drained.
You die...
Your body rises from the dead as a mindless zombie.

##.....##.....#
#.....# #######
# #. ..
#.###.########
.......@zz...#
...#..#####..#
# #..###.#....#
#.# #.
#..##z#..#


z.z #.z.#....# .. ##.##.....# #.#..#.#.#..# #.....#).#..# #.#...##..#..# You
could see 2 wights.

Vanquished Creatures
  A two-headed ogre (D:9)
  An efreet (D:9)
  Sigmund (D:2)
  6 yaks
  A steam dragon (D:8)
  An acid dragon (D:8)
  2 orc warriors
  5 water moccasins
  2 sky beasts
  2 ice beasts (D:5)
  An ogre (D:4)
  A centaur (D:9)
  A phantom (D:6)
  A bullfrog (D:7)
  4 kobold brigands
  An elf zombie (Ossuary)
  A gnoll sergeant (D:9)
  A scorpion (D:6)
  3 wights (D:8)
  6 killer bees
  A howler monkey (D:4)
  A jelly (D:4)
  3 hounds
  3 orc priests
  A gnoll bouda (D:9)
  Terence (D:2)
  Natasha (D:2)
  11 orc wizards
  3 mummies (Ossuary)
  5 adders
  12 gnolls
  A white imp (D:8)
  2 adder zombies (Ossuary)
  5 worms
  2 dart slugs
  21 orcs
  4 endoplasms
  3 giant cockroaches
  10 goblins
  6 hobgoblins
  15 kobolds
  2 quokkas
  12 ball pythons
  4 bats
  A frilled lizard (D:2)
  2 goblin zombies (Ossuary)
  5 hobgoblin zombies (Ossuary)
  3 kobold zombies (Ossuary)
  An orc zombie (Ossuary)
  2 quokka zombies (Ossuary)
  6 rats
  2 rat zombies (Ossuary)
193 creatures vanquished.

Vanquished Creatures (collateral kills)
  3 yaks
  A water moccasin (D:8)
  3 black bears
  A boggart (D:9)
  An ogre (D:6)
  A centaur (D:9)
  2 bullfrogs (D:8)
  A wight (D:9)
  2 killer bees
  Natasha (twice) (D:2)
  An iguana (D:6)
  2 orc wizards
  5 adders
  2 gnolls (D:3)
  2 worms (D:7)
  5 orcs
  A goblin (D:2)
  2 hobgoblins
  2 kobolds
  2 rats
41 creatures vanquished.

Vanquished Creatures (others)
  A spectral efreet (D:9)
  3 water moccasin zombies
  5 yak zombies
  2 bullfrog zombies (D:8)
  2 centaur zombies (D:9)
  2 black bear zombies
  A killer bee zombie (D:9)
  A hound zombie (D:5)
  12 orc zombies
  An adder zombie (D:2)
  2 bat zombies
  8 gnoll zombies
  2 ball python zombies
  2 endoplasm zombies
  2 goblin zombies
  A hobgoblin zombie (D:2)
  7 kobold zombies
  A rat zombie (D:2)
  26 fungi (D:8)
  42 plants
123 creatures vanquished.

Grand Total: 357 creatures vanquished

Notes
Turn   | Place    | Note
-------+----------+-------------------------------------------
     0 | D:1      | wakxed the Demonspawn Brigand began the quest for the Orb.
     0 | D:1      | Reached XP level 1. HP: 16/16 MP: 1/1
    12 | D:1      | Reached skill level 1 in Dodging
   209 | D:1      | Gained mutation: You are partially covered in thin metallic
                  | scales. (AC +2) [demonic ancestry]
   209 | D:1      | Reached XP level 2. HP: 22/22 MP: 2/2
   681 | D:1      | Found a faded altar of an unknown god.
   683 | D:1      | Prayed at the altar of an unknown god.
   683 | D:1      | Became a worshipper of Yredelemnul the Dark
   813 | D:2      | Reached XP level 3. HP: 28/28 MP: 3/3
  1021 | D:2      | Noticed Sigmund
  1062 | D:2      | Killed Sigmund
  1063 | D:2      | Gained mutation: You have sharp fingernails. [demonic
                  | ancestry]
  1063 | D:2      | Reached XP level 4. HP: 20/35 MP: 4/4
  1063 | D:2      | Gained mutation: You have very sharp fingernails. [demonic
                  | ancestry]
  1063 | D:2      | Reached XP level 5. HP: 24/41 MP: 5/5
  1229 | D:2      | Reached * piety under Yredelemnul
  1308 | D:2      | Identified the +6 scale mail "Hipuab" {*Slow Fly Regen+
                  | Dex-4}
  1466 | D:2      | Reached ** piety under Yredelemnul
  1470 | D:2      | Noticed Natasha
  1493 | D:2      | HP: 1/41 [shadow imp/nerve-wracking pain[Natasha] (5)]
  1494 | D:2      | Killed Natasha
  1686 | D:2      | Noticed Natasha
  1698 | D:2      | Killed Natasha
  1699 | D:2      | Reached XP level 6. HP: 30/47 MP: 6/6
  1912 | D:2      | Noticed Terence
  1919 | D:2      | Killed Terence
  1939 | D:2      | Noticed Natasha
  1948 | D:2      | Killed Natasha
  2617 | D:3      | Found an ornate altar of the Wu Jian Council.
  2618 | D:3      | Found an opulent altar of Gozag.
  2861 | D:3      | Reached skill level 1 in Invocations
  3006 | D:3      | Identified the +7 ring mail "Gesiw" {Harm Will+ Int+8
                  | Dex-2}
  3365 | D:4      | Reached XP level 7. HP: 53/53 MP: 6/8
  3623 | D:4      | Reached skill level 5 in Stealth
  4112 | D:5      | Entered Level 5 of the Dungeon
  4153 | D:5      | Found a staircase to the Ecumenical Temple.
  4160 | Temple   | Entered the Ecumenical Temple
  4250 | D:5      | Reached skill level 5 in Short Blades
  4321 | D:5      | Found a sand-covered staircase.
  4605 | Ossuary  | Entered an ossuary
  4620 | Ossuary  | Gained mutation: You passively map a small area around you.
                  | [potion of mutation]
  4620 | Ossuary  | Gained mutation: You are partially covered in large bone
                  | plates. (SH +4) [potion of mutation]
  4821 | Ossuary  | Gained mutation: Spells you cast may paralyse adjacent
                  | enemies. [demonic ancestry]
  4821 | Ossuary  | Reached XP level 8. HP: 50/61 MP: 10/10
  5102 | D:5      | Found a snail-covered altar of Cheibriados.
  5184 | D:5      | Lost mutation: You are partially covered in large bone
                  | plates. (SH +4) [potion of mutation]
  5184 | D:5      | Lost mutation: You passively map a small area around you.
                  | [potion of mutation]
  5184 | D:5      | Gained mutation: Your muscles are strong. (Str +4, Int/Dex
                  | -1) [potion of mutation]
  5184 | D:5      | Gained mutation: Your flesh is cold resistant. (rC+)
                  | [potion of mutation]
  5184 | D:5      | Gained mutation: You are resistant to electric shocks.
                  | (rElec) [potion of mutation]
  5185 | D:5      | Lost mutation: Your flesh is cold resistant. (rC+) [potion
                  | of mutation]
  5185 | D:5      | Lost mutation: You are resistant to electric shocks.
                  | (rElec) [potion of mutation]
  5185 | D:5      | Lost mutation: Your muscles are strong. (Str +4, Int/Dex
                  | -1) [potion of mutation]
  5185 | D:5      | Gained mutation: You are occasionally teleported next to
                  | monsters. [potion of mutation]
  5185 | D:5      | Gained mutation: Your mind is acute. (Int +4, Str/Dex -1)
                  | [potion of mutation]
  5185 | D:5      | Gained mutation: You sometimes lose your temper in combat.
                  | [potion of mutation]
  5185 | D:5      | Gained mutation: You are partially covered in large bone
                  | plates. (SH +4) [potion of mutation]
  5423 | D:5      | Found a hide-covered altar of Uskayaw.
  5751 | D:5      | Found Caimalie's General Store.
  5762 | D:5      | Bought a +0 pair of boots for 58 gold pieces
  5762 | D:5      | Bought a potion of mutation for 104 gold pieces
  5762 | D:5      | Bought a scroll of amnesia for 52 gold pieces
  5762 | D:5      | Bought a potion of berserk rage for 65 gold pieces
  5762 | D:5      | Lost mutation: Your mind is acute. (Int +4, Str/Dex -1)
                  | [potion of mutation]
  5762 | D:5      | Lost mutation: You are partially covered in large bone
                  | plates. (SH +4) [potion of mutation]
  5762 | D:5      | Lost mutation: You sometimes lose your temper in combat.
                  | [potion of mutation]
  5762 | D:5      | Gained mutation: Your flesh is cold resistant. (rC+)
                  | [potion of mutation]
  5762 | D:5      | Gained mutation: You have claws for hands. [potion of
                  | mutation]
  5762 | D:5      | Gained mutation: You are clumsy. (Dex -2) [potion of
                  | mutation]
  5762 | D:5      | Gained mutation: You have a pair of small horns on your
                  | head. [potion of mutation]
  5847 | D:6      | Found a shimmering blue altar of Sif Muna.
  6008 | D:6      | Reached skill level 1 in Unarmed Combat
  6109 | D:6      | Reached skill level 5 in Fighting
  6691 | D:6      | Gained mutation: A meltable shield of frost defends you.
                  | (SH +4) [demonic ancestry]
  6691 | D:6      | Reached XP level 9. HP: 55/69 MP: 11/11
  7074 | D:7      | Reached skill level 5 in Dodging
  7441 | D:7      | Noticed a moth of wrath
  7444 | D:7      | Found a bloodstained altar of Trog.
  7547 | D:7      | Found a basalt altar of Yredelemnul.
  8048 | D:8      | Reached skill level 5 in Unarmed Combat
  8594 | D:8      | Found a staircase to the Lair.
  8645 | D:8      | Gained mutation: Spells you cast may paralyse nearby
                  | enemies. [demonic ancestry]
  8645 | D:8      | Reached XP level 10. HP: 25/77 MP: 12/12
  8912 | D:8      | Identified the +6 rapier "Cookie Cutter" {protect, *Noise
                  | +Blink Will- Str+9}
 10412 | D:9      | Noticed a two-headed ogre
 10767 | D:9      | Noticed a two-headed ogre
 10984 | D:9      | Killed a two-headed ogre
 10997 | D:9      | HP: 3/80 [efreet/bolt of fire (15)]
 11004 | D:9      | Noticed a gargoyle
 11115 | D:9      | HP: 4/80 [gargoyle/stone arrow (10)]
 11142 | D:9      | HP: 3/80 [wight/+0 dire flail (10)]
 11142 | D:9      | Slain by a wight

Illustrated notes

Levels and vault maps discovered:
D:1:      wander_arrival_fairy_ring, layout_loops_ring,
          chequers_ecumenical_altar_twisty, minmay_tall_x
D:2:      kennysheep_big_flooded_room, layout_basic, uniq_natasha, uniq_terence,
          uniq_sigmund
D:3:      layout_rooms, mainiacjoe_overflow_divided_tiny, grunt_ministairs_15
D:4:      nicolae_cairo_tiling_large_dashed, layout_loops_corners
D:5:      layout_basic, lemuel_round_altar, nicolae_uskayaw_dance_hall,
          minmay_temple_entry_mini_moons, lightli_ossuary_entry_decrepit_ruins,
          serial_shops, nicolae_shop_hallway_plus, serial_park_tiny_1
D:6:      layout_rooms, nicolae_elyvilon_temple_path,
          mainiacjoe_overflow_chevrons, minmay_stone_trees_small
D:7:      nicolae_cairo_tiling, layout_cave_pools, tgw_trog,
          mainiacjoe_overflow_tiny_flanked
D:8:      layout_loops_corners, due_lair_maze_entry_diamond
D:9:      layout_basic, hangedman_decor_riveting, minmay_shattered_shrine
Temple:   bh_familiar_temple

Skill      XL: |  1  2  3  4  5  6  7  8  9 10 |
---------------+-------------------------------+-----
Dodging        | 1 2 3 4 5 |  5.0
Short Blades   | 2 3 4 5 7 8 |  8.9
Fighting       | 3 4 5 6 7 |  7.8
Stealth        | 4 5 |  5.0
Invocations    | 1 3 |  3.7
Unarmed Combat | 4 6 8 |  8.0
Throwing       | |  1.7

Action                   |  1- 3 |  4- 6 |  7- 9 | 10-12 || total
-------------------------+-------+-------+-------+-------++-------
Melee: Dagger            |    80 |   189 |   352 |       ||   621
       Punch             |     1 |     3 |    22 |     6 ||    32
       Short sword       |       |       |   192 |       ||   192
       Headbutt          |       |       |    52 |    39 ||    91
       Unarmed           |       |       |     9 |       ||     9
       Falchion          |       |       |    52 |   176 ||   228
Throw: Javelin           |       |       |     5 |       ||     5
       Dart              |       |       |     1 |       ||     1
Invok: Recall Undead Har |     1 |     1 |     3 |     2 ||     7
  Use: Scroll            |     3 |     2 |    19 |     6 ||    30
       Potion            |     1 |     1 |    10 |     7 ||    19
 Stab: Sleeping          |     9 |     5 |     9 |       ||    23
       Distracted        |       |     2 |     2 |     1 ||     5
Armor: Robe              |    24 |    37 |   130 |    59 ||   250
       Skin              |       |       |     7 |       ||     7
Dodge: Dodged            |    51 |   119 |   357 |   131 ||   658
Block: Other             |       |       |    50 |    26 ||    76
